[Event "Early-Titled-Tuesday-Blitz-November-28-2023"]
[Site "Chess.com"]
[Date "2023.11.28"]
[Round "10"]
[White "MatthewG-p4p"]
[Black "Rakhmanov_Aleksandr"]
[Result "0-1"]
[WhiteElo "2939"]
[BlackElo "2870"]
[TimeControl "180+1"]
[EndTime "10:03:48 PST"]
[Termination "Rakhmanov_Aleksandr won by resignation"]

1. e4 c5 2. c3 e6 3. d4 d5 4. e5 Nc6 5. Nf3 Qb6 6. a3 c4 7.
Nbd2 Na5 8. Rb1 Bd7 9. h4 Ne7 10. h5 h6 11. b4 cxb3 12. Nxb3 Nxb3 13. Nd2 Qc7 14. Nxb3 Qxc3+ 15. Bd2 Qc7 16. Nc5 Bc6 17. Bd3 Nc8 18. Qc2 Nb6 19. O-O Nc4 20. Bxc4 Bxc5 21. dxc5 dxc4 22. Qxc4 Qxe5 23. Qg4 O-O-O 24. Bf4 Rd4 25.
Bxe5 Rxg4 26. f3 Rg5 27. Rbe1 Rxh5 28. Bxg7 Rg8 29. Be5 Rhg5 30. Rf2 h5 31. Kh2 h4 32. Bd6 Rf5 33. Re3 Rd5 34. Rc3 Rd4 35. Be5 Ra4 36. Bd6 Rg5 37. Re3 Rd5 38. Rc3 Rdd4 39. Be5 Rd5 40. Bf6 Kd7 41. f4 Rf5 42. Bxh4 Rfxf4 43. Rxf4 Rxf4 44. Bg3 Rd4 45. Bf2 Rd2 46. Kg3 a6 47. Rb3 f5 48. Rb4 e5 49. Be1 Rxg2+ 50.
Kh3 f4 51. Rb1 Rg1 52. Rd1+ Kc8 53. Rc1 a5 54. Bd2 Rg2 55. Bxa5 Kd7 56. Bc3 Ke6 57. Re1 Rg5 58. Kh4 Kf6 59. Rf1 Rf5 60. Kg4 Bd7 61. Kf3 Bc6+ 62. Ke2 Ke6 63. Rg1 Rh5 64. Rg6+ Kf5 65. Rd6 Rh2+ 66. Kd3 e4+ 67. Kc4 e3 68. Rf6+ Ke4 69. Rf7 Rc2 70. Re7+ Kf3 71. Kd3 Be4+ 72. Kd4 e2 73. Rxe4 Rxc3 74. Kxc3 Kxe4 75. Kd2 f3 76. c6 bxc6 77. a4 Kd5 78. a5 Kd6 79. Ke3 e1=Q+ 0-1

[Event "Early-Titled-Tuesday-Blitz-November-28-2023"]
[Site "Chess.com"]
[Date "2023.11.28"]
[Round "10"]
[White "Bauman_Guy"]
[Black "AlexPapasimakopoulos"]
[Result "0-1"]
[WhiteElo "2883"]
[BlackElo "2675"]
[TimeControl "180+1"]
[EndTime "10:03:56 PST"]
[Termination "AlexPapasimakopoulos won by resignation"]

1. e4 e6 2. d4 d5 3. Nc3 Bb4 4.
e5 c5 5. a3 Bxc3+ 6. bxc3 Nc6 7.
Nf3 Bd7 8. h4 Nge7 9. Bd3 Qa5 10. Bd2 c4 11. Be2 O-O-O 12. h5 h6 13. a4 f6 14. Qb1 fxe5 15. Nxe5 Nxe5 16. dxe5 g5 17. hxg6 Nxg6 18. f4 Rdf8 19. g3 Ne7 20. Qb4 Qd8 21. Be3 Nc6 22. Qc5 b6 23. Qd6 Qc7 24. Qxc7+ Kxc7 25. Kd2 Be8 26. Rh3 h5 27. Rah1 Rhg8 28. Ke1 Ne7 29.
a5 Nf5 30. axb6+ axb6 31. Bf2 Rg7 32. Kd2 Rfg8 33. Ra1 Kc6 34. Ra6 Rb7 35. Bf3 Kb5 36. Ra1 Kc6 37. Ra8 Rbg7 38. Rb8 Rb7 39. Rd8 Rbg7 40. Ke1 Kc7 41. Ra8 Kb7 42. Rxe8 Rxe8 43. Bxh5 Rh8 44. g4 Rgh7 45. gxf5 Rxh5 46. Rxh5 Rxh5 47. fxe6 Kc7 48. Ke2 Kd8 49. Kf3 Ke7 50. Kg4 Rh2 51. Bg3 Rxc2 52. f5 Rxc3 53. Bh4+ Kf8 54.
f6 Rc1 55. Bg5 Rg1+ 56. Kf5 Rxg5+ 57. Kxg5 c3 58. e7+ Kf7 59. e6+ Ke8 60. Kg6 c2 61. Kg7 c1=Q 62. f7+ Kxe7 63. f8=Q+ Kxe6 64. Qf6+ Kd7 65.
Qxb6 Qc6 66. Qa7+ Ke6 67. Kg6 Ke5+ 68. Kg5 Qf6+ 69. Kg4 Qf4+ 70. Kh3 Ke4 71. Qe7+ Kf3 72. Qa3+ Qe3 73. Qf8+ Ke2+ 74. Kg4 d4 75. Qa8 d3 76.
Qg2+ Ke1 77. Qh1+ Kd2 78. Qc6 Qe2+ 79. Kf4 Ke1 80. Qc3+ d2 81. Qg3+ Qf2+ 0-1

[Event "Early-Titled-Tuesday-Blitz-November-28-2023"]
[Site "Chess.com"]
[Date "2023.11.28"]
[Round "10"]
[White "wqws"]
[Black "Alen_Yeremyann"]
[Result "1/2-1/2"]
[WhiteElo "2597"]
[BlackElo "2775"]
[TimeControl "180+1"]
[EndTime "10:03:58 PST"]
[Termination "Game drawn by repetition"]

1. e4 Nf6 2. e5 Nd5 3. Nc3 Nb6 4. d4 d6 5. Nf3 g6 6. a4 a5 7. h4 h5 8. Bd3 Bg7 9. Qe2 Bg4 10. e6 f5 11. d5 c6 12. Qe3 O-O 13. Qg5 Kh7 14. Nh2 cxd5 15. Nxg4 Qc8 16. Ne2 Qxe6 17. Ne3 Bh6 18.
Nf4 Qf7 19. Nh3 Qe8 20. Qg3 f4 21. Qf3 fxe3 22. Qxh5 Kg7 23. Qg4 exf2+ 24. Kf1 Bxc1 25. Rxc1 e5 26. Ng5 Rf6 27. h5 e4 28. hxg6 Qxg6 29.
Rh7+ Kg8 30. Be2 N8d7 31. Qh4 Raf8 32. Rh8+ Kg7 33. Rh7+ Kg8 34. Bh5 Qf5 35. Bg4 Qg6 36.
Bxd7 Nxd7 37. Rxd7 Rf5 38. Ne6 e3 39. Nxf8 Rxf8 40.
Re7 d4 41. Qxd4 Qh6 42. Qd5+ Kh8 43. Qd4+ Kg8 44. Rxe3 Qh1+ 45. Ke2 f1=Q+ 46. Rxf1 Qxf1+ 47. Kd2 Qxg2+ 48. Re2 Qg5+ 49. Qe3 Qd5+ 50. Qd3 Qxd3+ 51. Kxd3 Rf5 52. Re7 Rf4 53. b3 Rb4 54. Rd7 Rb6 55.
Rd8+ Kf7 56. Ra8 Ke6 57. Rxa5 Kd7 58. Kd4 Rb4+ 59. Kd3 Rh4 60. Rg5 Kc6 61. Kc3 Rh3+ 62. Kb2 Rh4 63. Ka3 Rf4 64. b4 Rf3+ 65. Kb2 Re3 66. c3 Rf3 67. Kb3 Rh3 68. b5+ Kb6 69.
Kb4 Rh4+ 70. c4 Rh1 71. a5+ Kc7 72. Rg7+ Kc8 73. b6 Rb1+ 74. Kc3 Ra1 75. Rg8+ Kd7 76.
Kb4 Rb1+ 77. Kc3 Ra1 78. Rg7+ Kc8 79. Rg8+ Kd7 1/2-1/2

[Event "Early-Titled-Tuesday-Blitz-November-28-2023"]
[Site "Chess.com"]
[Date "2023.11.28"]
[Round "10"]
[White "LileKoridze"]
[Black "PabloZarnicki"]
[Result "0-1"]
[WhiteElo "2381"]
[BlackElo "2540"]
[TimeControl "180+1"]
[EndTime "10:03:59 PST"]
[Termination "PabloZarnicki won by checkmate"]

1. d4 a5 2. c4 g6 3. Nc3 Bg7 4.
e4 c5 5. Be3 a4 6. Nxa4 Nc6 7.
Nxc5 Qa5+ 8. Bd2 Qb6 9. Bc3 e5 10. Na4 Qa7 11. d5 Nd4 12. b3 Nf6 13. Bd3 d6 14. h3 Bd7 15. Nb2 b5 16. Ne2 O-O 17.
O-O Nh5 18. Bxd4 exd4 19. cxb5 Qb8 20. a4 Qd8 21. Nc4 Qh4 22. f4 Bxh3 23. gxh3 Qxh3 24. Qe1 Qxd3 25. Qf2 Qxe4 26. Nxd6 Qxd5 27. Nc4 d3 28. Ng3 Bd4 29. Ne3 Qc5 30. Rfe1 Rfe8 31. Ngf1 Re4 32.
Rac1 Qe7 33. Rc4 Re8 34. Rxd4 Rxd4 35. Ng2 Re4 36. Rxe4 Qxe4 37. b6 Nf6 38. a5 Ng4 39. Qd2 Qd4+ 40. Kh1 Re2 41. Qd1 Nf2+ 42. Kg1 Nxd1+ 43.
Kh1 Nf2+ 44. Kh2 Ng4+ 45. Kg3 h5 46. b7 Rxg2+ 47. Kxg2 Qd5+ 48. Kg1 Qxb7 49. b4 Qxb4 50. a6 Qc5+ 51. Kg2 Qc6+ 52. Kg1 Qxa6 53. Kg2 Qb6 54.
Nd2 Qe3 55. Nf3 Qxf3+ 56. Kxf3 f5 57. Kg2 Kf7 58. Kg3 Ke6 59. Kg2 d2 60. Kg3 d1=Q 61.
Kh4 Qd2 62. Kg5 Kf7 63. Kh4 Qxf4 64. Kh3 Qd2 65. Kh4 f4 66. Kg5 f3+ 67. Kh4 f2 68.
Kg3 Nf6 69. Kh3 Qe3+ 70. Kh4 Qf4+ 71. Kh3 h4 72. Kg2 Qg3+ 73. Kf1 h3 74. Ke2 h2 75. Kd2 h1=Q 76. Ke2 f1=Q+ 77. Kd2 Qgg1 78. Kc2 g5 79. Kb2 g4 80. Ka2 g3 81. Kb2 g2 82. Ka2 Qc1 83.
Kb3 Qge1 84. Ka4 Qhf1 85. Kb3 g1=Q 86. Ka2 Ng4 87. Kb3 Nf2 88. Ka2 Nh1 89. Kb3 Kf6 90.
Ka2 Kf5 91. Kb3 Kf4 92. Ka2 Kf3 93. Kb3 Ke2 94. Ka2 Kd1 95. Kb3 Qec3+ 96. Ka2 Q1b2# 0-1

[Event "Early-Titled-Tuesday-Blitz-November-28-2023"]
[Site "Chess.com"]
[Date "2023.11.28"]
[Round "10"]
[White "Elsa167"]
[Black "ActorXu"]
[Result "1/2-1/2"]
[WhiteElo "2910"]
[BlackElo "2849"]
[TimeControl "180+1"]
[EndTime "10:04:00 PST"]
[Termination "Game drawn - insufficient material"]

1. d4 Nf6 2. c4 e6 3. Nf3 d5 4. Nc3 Bb4 5. Bg5 h6 6. Bxf6 Qxf6 7. e3 O-O 8. Rc1 dxc4 9. Bxc4 c5 10. O-O cxd4 11. Ne4 Qe7 12. a3 Ba5 13. Qxd4 Rd8 14. Qe5 Bb6 15. Qh5 Bd7 16. Ne5 Be8 17. Rfd1 Nc6 18.
Nf3 Rxd1+ 19. Rxd1 Rd8 20. Rc1 Na5 21. Ba2 Ba4 22. Ne5 Bb3 23. Bxb3 Nxb3 24. Rd1 Rxd1+ 25. Qxd1 Qc7 26. Nd6 f6 27. Nec4 Nc5 28. Qg4 Qe7 29.
h4 Bc7 30. Nb5 Bb8 31. h5 a6 32. Nd4 b5 33. Na5 Qc7 34. Nac6 Qh2+ 35. Kf1 Qh1+ 36. Ke2 Be5 37. b4 Bxd4 38. Nxd4 Na4 39. Qxe6+ Kh8 40. Qc8+ Kh7 41. Ne6 Qxh5+ 42. f3 Qf7 43. Nf8+ Kg8 44.
Ne6+ Kh7 45. f4 h5 46. f5 h4 47. Kf3 Qh5+ 48. Kf4 Qh6+ 49. Ke4 Qh5 50. Nf4 Qf7 51. Ng6 Qc4+ 52. Qxc4 bxc4 53. Nxh4 c3 54. Kd3 Kh6 55. Nf3 Kh5 56. Nd4 Kg4 57. e4 Kg3 58. Ne2+ Kxg2 59. Nxc3 Nb6 60. a4 Kf3 61. a5 Nd7 62. Kd4 Ne5 63. b5 axb5 64. a6 b4 65. Nd5 b3 66. Kc3 Nc6 67. Kxb3 Kxe4 68. Ne7 Na7 69. Kb4 Kd4 70. Ka5 Kc5 71. Ng6 Kc6 72.
Kb4 Kb6 73. Kc4 Kxa6 74. Kd5 Nb5 75. Ke6 Nd4+ 76. Kf7 Nxf5 77. Nf4 g5 78. Nh5 g4 79. Kxf6 Ng7 80. Kxg7 g3 81. Nxg3 1/2-1/2

[Event "Early-Titled-Tuesday-Blitz-November-28-2023"]
[Site "Chess.com"]
[Date "2023.11.28"]
[Round "11"]
[White "Aradhya2000"]
[Black "JuniorJumper"]
[Result "1-0"]
[WhiteElo "2713"]
[BlackElo "2566"]
[TimeControl "180+1"]
[EndTime "10:05:58 PST"]
[Termination "Aradhya2000 won by resignation"]

1. d4 Nf6 2. c4 e6 3. Nf3 b6 4. a3 Bb7 5. Nc3 Be7 6. d5 d6 7. e4 e5 8. Be2 a5 9. O-O Na6 10.
Be3 Ng4 11. Bd2 Nc5 12. b4 axb4 13. axb4 Rxa1 14. Qxa1 Nb3 15. Qa4+ Qd7 16. Qxb3 1-0

[Event "Early-Titled-Tuesday-Blitz-November-28-2023"]
[Site "Chess.com"]
[Date "2023.11.28"]
[Round "11"]
[White "zajka-molotok"]
[Black "FM-to-GM"]
[Result "1-0"]
[WhiteElo "2531"]
[BlackElo "2657"]
[TimeControl "180+1"]
[EndTime "10:06:50 PST"]
[Termination "zajka-molotok won by resignation"]

1. e4 c5 2. Nf3 Nc6 3. Bb5 g6 4. O-O Bg7 5. Re1 e5 6. Bxc6 dxc6 7. d3 Bg4 8. Nbd2 Nf6 9. h3 Bxf3 10. Nxf3 Nd7 11.
a3 O-O 12. b4 Qe7 13. Bd2 Rfd8 14. Qb1 Nb6 15. bxc5 Qxc5 16. a4 Rd7 17. Bb4 1-0

[Event "Early-Titled-Tuesday-Blitz-November-28-2023"]
[Site "Chess.com"]
[Date "2023.11.28"]
[Round "11"]
[White "ElVital"]
[Black "Barmen_EV"]
[Result "0-1"]
[WhiteElo "2353"]
[BlackElo "2481"]
[TimeControl "180+1"]
[EndTime "10:07:08 PST"]
[Termination "Barmen_EV won by resignation"]

1. e4 c5 2. Nf3 Nc6 3. Bb5 g6 4.
Bxc6 bxc6 5. O-O Bg7 6. Re1 Nf6 7. e5 Nd5 8. d4 cxd4 9. Qxd4 O-O 10. c4 Nc7 11.
Qh4 Ne6 12. Nc3 Rb8 13. b3 d5 14. exd6 exd6 15. Qxd8 Rxd8 16. Bb2 Ba6 17. Rad1 Bxc4 18.
bxc4 Rxb2 19. Ne4 d5 20. cxd5 cxd5 21. Neg5 Nxg5 22. Nxg5 d4 23. Re7 Bf6 0-1

[Event "Early-Titled-Tuesday-Blitz-November-28-2023"]
[Site "Chess.com"]
[Date "2023.11.28"]
[Round "11"]
[White "KaydenTroffChess"]
[Black "KononenkoD"]
[Result "1-0"]
[WhiteElo "2791"]
[BlackElo "2543"]
[TimeControl "180+1"]
[EndTime "10:07:32 PST"]
[Termination "KaydenTroffChess won by checkmate"]

1. d4 d5 2. Nf3 c6 3. Bf4 Qb6 4.
e3 Qxb2 5. Nbd2 Qb6 6. c4 Nf6 7. Bd3 Nbd7 8. O-O e6 9. Ne5 Nxe5 10. Bxe5 Be7 11. f4 O-O 12. Rf3 Qb2 13. Rb1 Qa3 14. e4 dxe4 15. Nxe4 Qxa2 16. Nxf6+ Bxf6 17. Bxf6 gxf6 18.
Bxh7+ Kh8 19. Rh3 f5 20. Bxf5+ Kg7 21. Qg4+ Kf6 22. Qg5# 1-0

[Event "Early-Titled-Tuesday-Blitz-November-28-2023"]
[Site "Chess.com"]
[Date "2023.11.28"]
[Round "11"]
[White "SashaKuzhilniy"]
[Black "ural58"]
[Result "1-0"]
[WhiteElo "2648"]
[BlackElo "2484"]
[TimeControl "180+1"]
[EndTime "10:07:34 PST"]
[Termination "SashaKuzhilniy won by resignation"]

1. b3 e5 2. Bb2 Nc6 3. e3 d5 4.
Bb5 Ne7 5. Nf3 e4 6. Ne5 a6 7. Nxc6 bxc6 8. Be2 h5 9. Bxh5 Qd6 10. h3 Nf5 11. d3 Nh4 12. Kf1 g6 13. Bxh8 gxh5 14.
Qxh5 Ng6 15. Nd2 exd3 16. cxd3 a5 17. Nf3 Ba6 18. Rd1 a4 19. Be5 Qa3 20. Kg1 Qxa2 21. bxa4 Qxf2+ 22. Kxf2 1-0

[Event "Early-Titled-Tuesday-Blitz-November-28-2023"]
[Site "Chess.com"]
[Date "2023.11.28"]
[Round "11"]
[White "Politov_Pavel"]
[Black "DarZay"]
[Result "1-0"]
[WhiteElo "2145"]
[BlackElo "2235"]
[TimeControl "180+1"]
[EndTime "10:07:52 PST"]
[Termination "Politov_Pavel won by resignation"]

1. d4 d5 2. c4 e6 3. Nc3 Be7 4. cxd5 exd5 5. Nf3 c6 6. e3 Bf5 7. Bd3 Bxd3 8. Qxd3 Nf6 9. O-O O-O 10. Rb1 Nbd7 11.
b4 a6 12. a4 Re8 13. b5 axb5 14. axb5 Nf8 15. bxc6 bxc6 16. Ne5 Qd6 17. Rb6 Rac8 18. Nb5 Qb4 19. Nxc6 N8d7 20. Nxb4 1-0

[Event "Early-Titled-Tuesday-Blitz-November-28-2023"]
[Site "Chess.com"]
[Date "2023.11.28"]
[Round "11"]
[White "CraiggoryC"]
[Black "Ezov"]
[Result "1-0"]
[WhiteElo "2187"]
[BlackElo "2188"]
[TimeControl "180+1"]
[EndTime "10:08:02 PST"]
[Termination "CraiggoryC won by resignation"]

1. e4 e6 2. d4 d5 3. e5 c5 4. c3 Nc6 5. Nf3 Qb6 6. a3 Nh6 7.
b4 cxd4 8. cxd4 Nf5 9. Be3 f6 10. exf6 gxf6 11. Bd3 Nd6 12. O-O Bd7 13. Nc3 Nc4 14.
Bxc4 dxc4 15. d5 Qd8 16. dxc6 Bxc6 17. Nd4 Bd5 18. Qh5+ Ke7 19. Rad1 Rg8 20. Nf5+ exf5 21. Nxd5+ Ke6 22. Nf4+ 1-0

[Event "Early-Titled-Tuesday-Blitz-November-28-2023"]
[Site "Chess.com"]
[Date "2023.11.28"]
[Round "11"]
[White "bazar-wokzal"]
[Black "szachuspl"]
[Result "1-0"]
[WhiteElo "2630"]
[BlackElo "2522"]
[TimeControl "180+1"]
[EndTime "10:08:09 PST"]
[Termination "bazar-wokzal won by resignation"]

1. e4 c6 2. d4 d5 3. f3 Nf6 4. e5 Ng8 5. Bd3 g6 6. Bf4 Bg7 7. Nc3 Qb6 8. Nge2 Qxb2 9. O-O Nh6 10. Qd2 Nf5 11. Rab1 Qa3 12. g4 Nh4 13. Bg5 Nxf3+ 14. Rxf3 Bxg4 15. Rg3 Bc8 16. Nxd5 Qxa2 17. Nc7+ Kd8 18.
Nc3 Qxb1+ 19. Nxb1 Kxc7 20. Bxe7 Be6 21. Bd6+ Kc8 22.
c4 Nd7 23. Nc3 h5 24. d5 Bg4 25. dxc6 bxc6 26. c5 Nxe5 27. Ba6+ 1-0

[Event "Early-Titled-Tuesday-Blitz-November-28-2023"]
[Site "Chess.com"]
[Date "2023.11.28"]
[Round "11"]
[White "Aleksandar-Topalov"]
[Black "cthulhuuu"]
[Result "0-1"]
[WhiteElo "2387"]
[BlackElo "2486"]
[TimeControl "180+1"]
[EndTime "10:08:30 PST"]
[Termination "cthulhuuu won by resignation"]

1. b3 Nf6 2. Bb2 g6 3. Bxf6 exf6 4. c4 f5 5. Nc3 Bg7 6. e3 Bxc3 7. dxc3 Nc6 8. Ne2 d6 9. g3 O-O 10. Bg2 a5 11. a4 Bd7 12. O-O b6 13. Nd4 Qe8 14.
Nb5 Rc8 15. Re1 Ne5 16. Nd4 c5 17. Ne2 Bc6 18. Nf4 Bxg2 19. Kxg2 Qc6+ 20. Qd5 Qc7 21. Rad1 Rfd8 22. Rd2 h5 23. Red1 h4 24. Nd3 Ng4 25. Nf4 Nf6 26. Nxg6 Nxd5 0-1

[Event "Early-Titled-Tuesday-Blitz-November-28-2023"]
[Site "Chess.com"]
[Date "2023.11.28"]
[Round "11"]
[White "emeli_chess"]
[Black "Zainullina_Nataliya"]
[Result "1-0"]
[WhiteElo "2377"]
[BlackElo "2204"]
[TimeControl "180+1"]
[EndTime "10:08:32 PST"]
[Termination "emeli_chess won by resignation"]

1. d4 d5 2. c4 e6 3. Nc3 Nf6 4. cxd5 exd5 5. Bg5 c6 6. Qc2 Be7 7. e3 Be6 8. Bd3 Nbd7 9. Nf3 O-O 10. O-O Re8 11.
h3 Nf8 12. Ne5 N6d7 13. Bf4 Nxe5 14. Bxe5 Bf6 15. Bg3 Rc8 16. b4 a6 17. a4 Qd7 18.
Rab1 h5 19. Rfc1 h4 20. Bh2 Bxh3 21. gxh3 Qxh3 22. Bf5 Qf3 23. Bxc8 Rxc8 24. Qe2 Qf5 25. f4 Ng6 26. Kh1 h3 27. Rg1 Nh4 28. Qg4 Qc2 29. Qxc8+ 1-0

[Event "Early-Titled-Tuesday-Blitz-November-28-2023"]
[Site "Chess.com"]
[Date "2023.11.28"]
[Round "11"]
[White "nitpicker"]
[Black "marvinguevara"]
[Result "0-1"]
[WhiteElo "2313"]
[BlackElo "2190"]
[TimeControl "180+1"]
[EndTime "10:09:26 PST"]
[Termination "marvinguevara won by resignation"]

1. d4 Nf6 2. c4 e6 3. g3 d5 4. Nf3 c5 5. cxd5 exd5 6. Bg2 Nc6 7. O-O Be7 8. Nc3 Bf5 9. dxc5 Bxc5 10. Bg5 d4 11. Bxf6 gxf6 12. Nd5 Qxd5 13. Nh4 Qe6 14.
Rc1 Bb6 15. Qa4 O-O 16. Bxc6 bxc6 17. Rxc6 Qe4 18. Rxf6 Bg6 19. Qb5 Rab8 20. f3 Qe3+ 21.
Kg2 d3 22. exd3 Bxd3 23. Qh5 Bxf1+ 0-1

[Event "Early-Titled-Tuesday-Blitz-November-28-2023"]
[Site "Chess.com"]
[Date "2023.11.28"]
[Round "11"]
[White "Let_it_be_1"]
[Black "ArtemDyachuk"]
[Result "0-1"]
[WhiteElo "2658"]
[BlackElo "2547"]
[TimeControl "180+1"]
[EndTime "10:09:33 PST"]
[Termination "ArtemDyachuk won by resignation"]

1. e4 e5 2. Nf3 Nf6 3. Nxe5 d6 4.
Nf3 Nxe4 5. Qe2 Qe7 6. d3 Nf6 7. Bg5 Be6 8. Nc3 Nbd7 9. O-O-O h6 10. Bf4 g5 11. Bd2 Bg7 12. Nd4 Ne5 13. Nxe6 fxe6 14. Re1 O-O-O 15. f4 gxf4 16. Bxf4 Kb8 17. Bxe5 dxe5 18.
g3 h5 19. Bg2 Bh6+ 20. Kb1 Bg7 21. Rhf1 h4 22. g4 Nd5 23. Ne4 Bh6 24. Bh1 Bf4 25. Nd2 Qb4 26. Ka1 Qxd2 27. Qxd2 Bxd2 28. Rxe5 Rhf8 29.
Rxf8 Rxf8 30. a4 Rf1+ 31. Ka2 Rxh1 32. Rxe6 a6 0-1

[Event "Early-Titled-Tuesday-Blitz-November-28-2023"]
[Site "Chess.com"]
[Date "2023.11.28"]
[Round "11"]
[White "Lion-Al-Messi"]
[Black "Witty_Alien"]
[Result "1-0"]
[WhiteElo "2596"]
[BlackElo "2235"]
[TimeControl "180+1"]
[EndTime "10:09:40 PST"]
[Termination "Lion-Al-Messi won by checkmate"]

1. Nc3 b5 2. Nxb5 d5 3. e4 d4 4. Bc4 a6 5. Na3 Nc6 6. Nf3 e6 7. c3 d3 8. O-O Bc5 9. b4 Ba7 10. Bb2 Nf6 11. Qb1 Nxe4 12. Bxd3 Ng5 13. Nxg5 Qxg5 14.
Be4 Bb7 15. d4 f5 16. Bf3 O-O 17. Bc1 Qg6 18. Bf4 Nxd4 19. Bxb7 Ne2+ 20. Kh1 Nxf4 21. Bxa8 Rxa8 22. g3 Rd8 23. gxf4 Rd2 24. Nc4 Re2 25. Qd3 Qg4 26. Ne5 Qxf4 27. Qd8# 1-0

[Event "Early-Titled-Tuesday-Blitz-November-28-2023"]
[Site "Chess.com"]
[Date "2023.11.28"]
[Round "11"]
[White "infantaria08"]
[Black "SmirnovTimofey2000"]
[Result "1-0"]
[WhiteElo "2202"]
[BlackElo "2071"]
[TimeControl "180+1"]
[EndTime "10:09:42 PST"]
[Termination "infantaria08 won by checkmate"]

1. d4 d5 2. Bf4 Bf5 3. e3 e6 4. c4 Nf6 5. Nc3 c6 6. Qb3 Qb6 7. c5 Qxb3 8. axb3 a6 9. b4 Be7 10. b5 cxb5 11. Bxb5+ Nbd7 12. h3 O-O 13. Ba4 h6 14. f3 Rfc8 15. g4 Bh7 16. Nge2 h5 17. b4 hxg4 18. hxg4 Nf8 19. Kd2 Ng6 20. Bg3 Ne8 21.
Bc2 Nf8 22. Na4 Bxc2 23. Kxc2 Nd7 24. Nec3 Nc7 25. Rh2 g6 26. Rah1 Kg7 27. Rh7+ Kf6 28. e4 dxe4 29. Nxe4# 1-0

[Event "Early-Titled-Tuesday-Blitz-November-28-2023"]
[Site "Chess.com"]
[Date "2023.11.28"]
[Round "11"]
[White "dmosesov"]
[Black "nindjaxx8"]
[Result "1-0"]
[WhiteElo "2620"]
[BlackElo "2468"]
[TimeControl "180+1"]
[EndTime "10:09:44 PST"]
[Termination "dmosesov won by resignation"]

1. Nf3 d5 2. c4 e6 3. g3 Nf6 4. Bg2 Be7 5. O-O O-O 6. b3 b6 7. Bb2 Bb7 8. e3 dxc4 9. bxc4 c5 10. Nc3 Na6 11. Qe2 Nb4 12. Ne1 Bxg2 13. Kxg2 Qd7 14. a3 Nc6 15. d3 Rad8 16. f4 Na5 17. g4 Ne8 18. Rf3 Qb7 19. Kg1 g6 20. g5 Nd6 21.
Rh3 Nf5 22. Ne4 Nxc4 23. Bf6 Bxf6 24. Nxf6+ 1-0

[Event "Early-Titled-Tuesday-Blitz-November-28-2023"]
[Site "Chess.com"]
[Date "2023.11.28"]
[Round "11"]
[White "carloseduar100"]
[Black "deepfear"]
[Result "1-0"]
[WhiteElo "2268"]
[BlackElo "1928"]
[TimeControl "180+1"]
[EndTime "10:09:44 PST"]
[Termination "carloseduar100 won by resignation"]

1. g3 g6 2. Bg2 Bg7 3. Nf3 Nf6 4.
O-O O-O 5. d3 d6 6. Nbd2 e5 7.
Re1 Nc6 8. c3 h6 9. h3 Be6 10.
a3 Qd7 11. Kh2 d5 12. e4 Rad8 13. b4 dxe4 14. Nxe4 Nxe4 15. Rxe4 Qxd3 16. Qxd3 Rxd3 17. Bb2 Rfd8 18. Rae1 f5 19. R4e2 e4 20. Nh4 g5 21. Ng6 Kf7 22. b5 Na5 23. Bxe4 Kxg6 24. Bxd3 Bd5 25. g4 Rf8 26. Bxf5+ Kf6 27. c4+ Kf7 28. Bxg7 Kxg7 29. cxd5 1-0

[Event "Early-Titled-Tuesday-Blitz-November-28-2023"]
[Site "Chess.com"]
[Date "2023.11.28"]
[Round "11"]
[White "KorolDimitriy75"]
[Black "GrumbleBruno"]
[Result "0-1"]
[WhiteElo "2313"]
[BlackElo "2437"]
[TimeControl "180+1"]
[EndTime "10:09:46 PST"]
[Termination "GrumbleBruno won on time"]

1. d4 Nf6 2. c4 c5 3. d5 Ne4 4. Qc2 Qa5+ 5. Nd2 Nd6 6. e4 g6 7.
Bd3 Bg7 8. Ne2 Na6 9. O-O Nb4 10. Qb1 Nxd3 11. Qxd3 O-O 12. a3 b5 13. cxb5 Qxb5 14.
Qxb5 Nxb5 15. Nc4 Ba6 16. Rd1 Nc7 17. d6 exd6 18. Rxd6 Bxc4 19. Rxd7 Rad8 20. Rxd8 Rxd8 21. Bg5 Re8 22. Nc3 Ne6 23. Be3 Nd4 24. f3 Nc2 0-1

[Event "Early-Titled-Tuesday-Blitz-November-28-2023"]
[Site "Chess.com"]
[Date "2023.11.28"]
[Round "11"]
[White "bubeliang"]
[Black "DvaHrasta"]
[Result "1-0"]
[WhiteElo "2651"]
[BlackElo "2522"]
[TimeControl "180+1"]
[EndTime "10:09:48 PST"]
[Termination "bubeliang won on time"]

1. e4 c6 2. d4 d5 3. exd5 cxd5 4. Bd3 Nc6 5. c3 g6 6. h3 Nh6 7. Nf3 f6 8. O-O Nf7 9. c4 dxc4 10. Bxc4 Bg7 11.
Nc3 O-O 12. d5 Nce5 13. Bb3 Bd7 14. Nd4 Rc8 15. Bf4 Nd6 16. Bxe5 fxe5 17. Ne6 Bxe6 18.
dxe6 e4 19. Nd5 Bxb2 20. Rb1 Be5 21. Qe2 a6 22. Rfd1 Kg7 23. Bc2 b5 24. Bxe4 Nxe4 25.
Qxe4 Bd6 26. Qd4+ Kg8 27. Rbc1 Qa5 28. Rxc8 Rxc8 29. Nf6+ exf6 30. Qxd6 Qxa2 31. Qd7 Qc2 32. Qf7+ Kh8 33. Qxf6+ Kg8 34. Qf7+ Kh8 35. Qf6+ Kg8 36.
Rd7 1-0

[Event "Early-Titled-Tuesday-Blitz-November-28-2023"]
[Site "Chess.com"]
[Date "2023.11.28"]
[Round "11"]
[White "Iskusnyh"]
[Black "Arimin1329"]
[Result "1-0"]
[WhiteElo "2555"]
[BlackElo "2402"]
[TimeControl "180+1"]
[EndTime "10:09:49 PST"]
[Termination "Iskusnyh won by resignation"]

1. d4 Nf6 2. c4 b6 3. Nc3 Bb7 4.
Qc2 d5 5. cxd5 Nxd5 6. Nf3 g6 7.
e4 Nxc3 8. bxc3 Bg7 9. Bb5+ c6 10. Bd3 O-O 11. O-O Nd7 12. e5 c5 13. Be4 Bxe4 14. Qxe4 e6 15. Bg5 Qc7 16. Be7 Rfe8 17. Bd6 Qc8 18.
Rfd1 cxd4 19. cxd4 Qa6 20. h4 Rac8 21. h5 Qa4 22.
Qb7 Rc2 23. Rd3 Nf8 24. Ra3 Qc4 25. Rxa7 Rc1+ 26. Kh2 Bh6 27. Qxf7+ Kh8 28. Bxf8 1-0

[Event "Early-Titled-Tuesday-Blitz-November-28-2023"]
[Site "Chess.com"]
[Date "2023.11.28"]
[Round "11"]
[White "Flawless_Fighter"]
[Black "Narek_Ghimoyan"]
[Result "1-0"]
[WhiteElo "2786"]
[BlackElo "2343"]
[TimeControl "180+1"]
[EndTime "10:09:51 PST"]
[Termination "Flawless_Fighter won by resignation"]

1. e4 c5 2. Nf3 d6 3. Bb5+ Nd7 4. O-O a6 5. Bd3 Ngf6 6. Re1 b5 7. a4 c4 8. Bf1 Bb7 9. axb5 axb5 10. Rxa8 Qxa8 11. d3 e6 12. Nc3 Be7 13. Nxb5 O-O 14. dxc4 Bxe4 15.
Be2 Rd8 16. b3 e5 17. Bb2 Nc5 18. Qa1 Qc6 19. Qc1 Ne6 20. h3 Nf4 21. Qe3 N6h5 22. Bd1 f5 23. Nc3 Nxg2 24. Kxg2 Nf4+ 25. Kh2 Qe8 26. Nxe4 Qh5 27. Nfg5 Qg6 28. Rg1 h6 29. Qg3 hxg5 30. Nxg5 1-0

[Event "Early-Titled-Tuesday-Blitz-November-28-2023"]
[Site "Chess.com"]
[Date "2023.11.28"]
[Round "11"]
[White "Iball95"]
[Black "Predator0608"]
[Result "1-0"]
[WhiteElo "2828"]
[BlackElo "2598"]
[TimeControl "180+1"]
[EndTime "10:10:01 PST"]
[Termination "Iball95 won by resignation"]

1. e4 c5 2. Nf3 d6 3. Nc3 Nf6 4. d4 cxd4 5. Qxd4 Nc6 6. Bb5 Bd7 7. Bxc6 Bxc6 8. Bg5 e6 9. O-O-O Be7 10. Rhe1 Qa5 11. Nd5 exd5 12. exd5 Bxd5 13. Bxf6 gxf6 14. Qxd5 Qxd5 15.
Rxd5 Kd7 16. b3 Rhg8 17. g3 Rac8 18. Rh5 Rc3 19. Nd4 Rg4 20. Nf5 Bf8 21. Rxh7 Rf3 22. Rxf7+ Kc6 23. Rxf8 Rxf5 24. f4 Rh5 25. Re2 f5 26.
Rf6 Rg7 27. Rd2 Rd7 28. c4 Kc5 29. Re6 1-0

[Event "Early-Titled-Tuesday-Blitz-November-28-2023"]
[Site "Chess.com"]
[Date "2023.11.28"]
[Round "11"]
[White "LUISMIGUELOV"]
[Black "Khromkin"]
[Result "0-1"]
[WhiteElo "2213"]
[BlackElo "2446"]
[TimeControl "180+1"]
[EndTime "10:10:03 PST"]
[Termination "Khromkin won by resignation"]

1. d4 d5 2. c3 c5 3. Nf3 Bf5 4.
dxc5 e6 5. b4 a5 6. Qa4+ Nd7 7. b5 Nxc5 8. Qh4 Be7 9. Qg3 Bf6 10.
Bg5 Ne4 11. Qf4 Nxg5 12. Nxg5 Bxg5 13. Qa4 Ne7 14. e4 Bxe4 15. b6+ Nc6 16. Bb5 Qxb6 17.
O-O O-O 18. h4 Bf6 19. Nd2 Bxc3 20. Nxe4 Bxa1 21. Ng5 Bf6 22. Bd3 Bxg5 23. hxg5 Qd4 24. Qc2 g6 25. a3 Rac8 26. Qb1 Ne5 27. Be2 Ng4 28. Bxg4 Qxg4 29. Qxb7 Qxg5 30. Qb5 Rc1 31.
Qxa5 Rxf1+ 32. Kxf1 Qc1+ 33. Ke2 Rc8 34. g3 Rc2+ 35.
Kf3 Qh1+ 0-1